 Dungeon Crawl Stone Soup version 0.26-a0-658-gbdda728c12 (webtiles) character file.

Game seed: 5802861064967738829

21 rogsnak the Digger (level 2, -1/16 HPs)
             Began as a Gargoyle Earth Elementalist on Oct 4, 2020.
             Slain by a hobgoblin (3 damage)
             ... on level 1 of the Dungeon.
             The game lasted 00:01:43 (1204 turns).

rogsnak the Digger (Gargoyle Earth Elementalist)    Turns: 1204, Time: 00:01:43

Health: -1/16      AC:  4    Str: 11    XL:     2   Next: 83%
Magic:  1/5        EV: 12    Int: 15    God:
Gold:   50         SH:  0    Dex: 10    Spells: 4/5 levels left

rFire    . . .     SeeInvis .   a - +0 club
rCold    . . .     Faith    .   (no shield)
rNeg     + . .     Spirit   .   c - +0 robe
rPois    ∞         Reflect  .   (no helmet)
rElec    +         Harm     .   (no cloak)
rCorr    .         Rampage  .   (no gloves)
MR       .....                  (no boots)
Stlth    ++........             (no amulet)
HPRegen  0.05/turn              (no ring)
MPRegen  0.09/turn              (no ring)

@: no status effects
A: negative energy resistance 1, electricity resistance, unbreathing,
petrification resistance, rot immunity, AC +2
a: no special abilities


You were on level 1 of the Dungeon.
You visited 1 branch of the dungeon, and saw 1 of its levels.

You collected 50 gold pieces.

Inventory:

Hand Weapons
 a - a +0 club (weapon)
Missiles
 b - 42 stones (quivered)
Armour
 c - a +0 robe (worn)
Scrolls
 d - a scroll of magic mapping {unknown}
 g - a scroll of immolation {unknown}
Potions
 e - a potion of mutation {unknown}
 f - a potion of berserk rage {unknown}


   Skills:
 + Level 0.3 Fighting
 + Level 1.8 Dodging
 - Level 2.1 Stealth
 + Level 2.2 Spellcasting
   Level 0.7 Transmutations
 + Level 4.3 Earth Magic


You had 4 spell levels left.
You knew the following spells:

 Your Spells              Type           Power        Failure   Level
a - Sandblast             Erth           ##....       3%          1

Your spell library contained the following spells:

 Spells                   Type           Power        Failure   Level
 Passwall                 Tmut/Erth      #.......     12%         2
 Stone Arrow              Conj/Erth      #.....       26%         3
 Petrify                  Tmut/Erth      #.......     58%         4
 Lee's Rapid Deconstruct  Erth           ##........   71%         5


Dungeon Overview and Level Annotations

Branches:
Dungeon (1/15)

Altars:


Innate Abilities, Weirdness & Mutations

You are resistant to torment.
Your stone body is resilient. (AC +2)
You are immune to poison.
You resist negative energy. (rN+)
You are resistant to electric shocks. (rElec)
You can survive without breathing.
You are immune to petrification.
You are immune to rotting.


Message History

Aim: a jackal The blast of sand hits the hobgoblin.
The hobgoblin is severely wounded.
b - 43 stones The hobgoblin hits you.
* * * LOW HITPOINT WARNING * * *
Casting: Sandblast (safe; 3% risk of failure)
Confirm with . or Enter, or press ? or * to list all spells.
Aiming: Sandblast (safe; 3% risk of failure)
Press: ? - help, Shift-Dir - straight line, f/p - jackal
Aim: a jackal The blast of sand hits the hobgoblin but does no damage.
The hobgoblin is severely wounded.
b - 42 stones The hobgoblin hits you.
* * * LOW HITPOINT WARNING * * *
You hit the hobgoblin but do no damage.
The hobgoblin is severely wounded.
The hobgoblin closely misses you. The hobgoblin hits you.
You die...

≈≈≈≈≈..<..≈≈≈≈≈..#
..≈≈≈≈...≈≈≈≈....#
....≈≈≈≈≈≈≈.....##
...≈..≈≈≈..≈...##
..≈....≈....≈..8#
....#..≈..#.....##
..####...####....##
#..#######.#######...#
#...@ggh......####.#
#.######.###.## ##.##
#..# #.# #...# #..≈
#g####...#
#.≈≈≈#h##......
#.≈≈##h........
#≈≈###..#...... #≈≈#
#..###...# #≈..##..#
#...#


You could see a jackal and 2 hobgoblins.

Vanquished Creatures
  A leopard gecko (D:1)
  A giant cockroach (D:1)
  A goblin (D:1)
  4 hobgoblins (D:1)
  4 jackals (D:1)
  2 bats (D:1)
  2 frilled lizards (D:1)
  A kobold (D:1)
  2 rats (D:1)
18 creatures vanquished.

Notes
Turn   | Place    | Note
-------+----------+-------------------------------------------
     0 | D:1      | rogsnak the Gargoyle Earth Elementalist began the quest for
                  | the Orb.
     0 | D:1      | Reached XP level 1. HP: 10/10 MP: 3/3
   472 | D:1      | Reached skill level 4 in Earth Magic
   473 | D:1      | Reached XP level 2. HP: 3/15 MP: 1/5
  1204 | D:1      | Slain by a hobgoblin

Illustrated notes

Levels and vault maps discovered:
D:1:      eino_arrival_water_star, layout_loops_ring, serial_rivers,
          chequers_serial_rivers_small_a, chequers_serial_rivers_small_b,
          chequers_serial_rivers_micro_e, chequers_serial_rivers_micro_e,
          chequers_serial_rivers_micro_c, hex_medium

Skill      XL: |  1 |
---------------+----+-----
Earth Magic    | 4 |  4.3
Fighting       | |  0.3
Dodging        | |  1.8
Stealth        | |  2.1
Spellcasting   | |  2.2
Transmutations | |  0.7

Action                   || total
-------------------------++-------
Melee: Club              ||    82
       Unarmed           ||     9
 Cast: Sandblast         ||     9
 Stab: Sleeping          ||     2
Armor: Robe              ||    44
Dodge: Dodged            ||    90

Table legend: (Time is in decaauts)
 A = Elapsed time spent in this place.
 B = Non-inter-level travel time spent in this place.
 C = Inter-level travel time spent in this place.
 D = Time resting spent in this place.
 E = Time spent auto-exploring this place.
 F = Levels seen in this place.
 G = Mean time per level.
                   A        B        C        D        E       F      G
               +--------+--------+--------+--------+--------+-----+--------+
         Total |   1230 |   1230 |      0 |    730 |    261 |   1 | 1230.0 |
       Dungeon |   1230 |   1230 |      0 |    730 |    261 |   1 | 1230.0 |
               +--------+--------+--------+--------+--------+-----+--------+

Top non-repeatable levels by time:
     D:1: 1230 daAuts
